Map: Tours du crépuscule

Players

Glantir - Winner!

  • Race: Zerg Zerg
  • League: Silver

pupu

  • Race: Protoss Protoss
  • League: Silver

VOD

Have the link to the VOD?

Description

Time

  • Played on: April 5, 2016, 3:07 p.m.
  • Length: 11:04
Show
View Real Time Build Order
Export as new Build Order

Glantir Zerg - Winner!

Build Orders: Hatch First 

Get SALT Encoding   

  12  0:01  Drone  
  13  0:13  Overlord  
  13  0:17  Drone  
  14  0:32  Drone x2  
  16  0:35  Drone  
  17  0:56  Hatchery  
  16  0:57  Drone  
  16  1:02  Drone  
  18  1:08  Drone  
  19  1:18  Spawning Pool  
  19  1:21  Extractor  
  19  1:23  Drone  
  18  1:33  Drone  
  20  1:54  Drone x2  
  21  2:02  Overlord  
  21  2:09  Zergling x2  
  21  2:10  Queen x2  
  21  2:13  Drone  
  27  2:21  Metabolic Boost  
  27  2:28  Overlord  
  27  2:29  Overlord  
  27  2:41  Drone x3  
  30  2:59  Drone x3  
  33  3:15  Spore Crawler  
  33  3:18  Spore Crawler  
  33  3:19  Hatchery  
  30  3:20  Drone  
  30  3:23  Drone x5  
  36  3:44  Drone x4  
  40  3:50  Extractor  
  40  3:55  Drone  
  40  3:56  Drone x3  
  40  3:58  Drone x2  
  45  4:09  Evolution Chamber  
  44  4:10  Evolution Chamber  
  44  4:16  Queen  
  43  4:33  Queen  
  43  4:38  Drone x6  
  49  4:42  Lair  
  49  4:43  Zerg Missile Weapons Level 1  
  49  4:44  Zerg Ground Armor Level 1  
  50  5:02  Extractor  
  50  5:03  Extractor  
  50  5:05  Drone x2  
  50  5:11  Zergling x6  
  53  5:45  Hydralisk Den  
  52  5:51  Infestation Pit  
  48  6:19  Hydralisk x5  
  48  6:22  Overlord x4  
  58  6:26  Pneumatized Carapace  
  58  6:33  Muscular Augments  
  58  6:41  Zerg Missile Weapons Level 2  
  58  6:43  Hydralisk x4  
  58  6:44  Hydralisk x2  
  70  7:06  Zerg Ground Armor Level 2  
  70  7:18  Zergling x2  
  70  7:19  Zergling x18  
  70  7:20  Overlord x2  
  70  7:21  Overlord x2  
  80  7:44  Overlord x3  
  80  7:47  Hydralisk x3  
  80  7:48  Hydralisk x4  
  94  7:54  Spore Crawler  
  93  8:04  Hive  
  93  8:21  Extractor  
  93  8:22  Drone x5  
  93  8:23  Extractor  
  96  8:33  Drone  
  96  8:34  Drone x2  
  99  8:35  Overlord x3  
  99  8:39  Hatchery  
  98  8:51  Hydralisk  
  98  8:52  Hydralisk x10  
  100  9:55  Hydralisk x3  
  100  9:58  Queen  
  107  10:10  Hydralisk x3  
  107  10:11  Hydralisk x5  
  110  10:24  Overlord x6  
  110  10:26  Queen  
  111  10:42  Drone  
  111  10:43  Drone x3  
Show
View Real Time Build Order
Export as new Build Order

pupu Protoss 

Build Orders: Oracle Opening 

Get SALT Encoding   

  12  0:01  Probe (Chrono Boost)  
  13  0:12  Probe (Chrono Boost)  
  14  0:23  Probe (Chrono Boost)  
  14  0:25  Pylon  
  15  0:43  Probe (Chrono Boost), Gateway  
  15  0:49  Assimilator  
  16  0:53  Probe (Chrono Boost)  
  16  0:55  Assimilator  
  18  1:04  Probe (Chrono Boost)  
  18  1:14  Probe (Chrono Boost)  
  19  1:31  Cybernetics Core  
  19  1:34  Probe (Chrono Boost)  
  19  1:38  Zealot  
  22  1:44  Probe (Chrono Boost)  
  22  1:46  Pylon  
  23  2:04  Probe (Chrono Boost)  
  24  2:11  Stargate  
  24  2:15  Probe (Chrono Boost), Warp Gate (Chrono Boost)  
  25  2:19  Adept  
  27  2:26  Probe  
  28  2:34  Pylon  
  28  2:38  Mothership Core  
  30  2:54  Oracle (Chrono Boost)  
  33  3:09  Nexus  
  33  3:13  Probe, Pylon  
  34  3:28  Void Ray (Chrono Boost)  
  38  3:43  Gateway  
  38  3:48  Gateway  
  38  3:50  Probe  
  39  4:02  Probe  
  40  4:14  Probe  
  41  4:25  Probe  
  41  4:27  Probe  
  43  4:37  Stalker x2  
  43  4:38  Stalker  
  49  4:40  Void Ray (Chrono Boost)  
  53  4:46  Probe  
  53  4:47  Probe  
  55  5:01  Probe  
  55  5:03  Probe, Protoss Air Weapons Level 1 (Chrono Boost)  
  57  5:28  Stargate  
  57  5:31  Gateway  
  57  5:32  Void Ray (Chrono Boost)  
  57  5:34  Pylon  
  61  5:36  Pylon  
  61  5:39  Pylon  
  61  6:09  Void Ray (Chrono Boost)  
  65  6:23  Adept x2  
  69  6:30  Probe x2  
  75  6:33  Void Ray (Chrono Boost)  
  75  6:34  Assimilator  
  75  6:37  Assimilator  
  75  6:44  Probe x2  
  77  6:52  Pylon  
  77  6:53  Void Ray (Chrono Boost)  
  81  6:54  Pylon  
  81  6:56  Pylon  
  81  6:57  Zealot x2  
  85  7:12  Pylon  
  85  7:18  Pylon  
  85  7:20  Pylon  
  85  7:32  Probe x2  
  84  7:39  Void Ray (Chrono Boost)  
  84  7:43  Zealot x4  
  96  7:52  Twilight Council  
  96  7:55  Probe x2, Gateway  
  96  7:58  Gateway  
  98  8:07  Probe x2  
  98  8:09  Nexus  
  100  8:15  Pylon  
  100  8:19  Gateway  
  100  8:20  Gateway  
  100  8:21  Probe x2  
  100  8:23  Gateway  
  102  8:29  Void Ray (Chrono Boost)  
  106  8:37  Probe x2  
  108  8:46  Void Ray (Chrono Boost)  
  112  8:51  Charge (Chrono Boost)  
  112  9:04  Forge  
  82  9:34  Zealot  
  82  9:35  Zealot x6  
  52  9:54  Void Ray x2  
  58  10:06  Zealot x2  
  60  10:14  Zealot  
  60  10:15  Zealot x2  
  58  10:33  Zealot x2  
  58  10:42  Zealot  
Tags
 
Add a new tag
Caveats
  • Supply blocks, unpowered buildings, or Contaminate may cause inaccurate times.
  • Supply counts are checked every 10 seconds.